Map: [ESL] Crimson Court

Players

Lambo

  • Race: Zerg Zerg
  • Spawn Location: 7:00

Spirit - Winner!

  • Race: Terran Terran
  • Spawn Location: 1:00

Event: ESL Spring 2024 Finals

VOD

Have the link to the VOD?

Description

Time

  • Played on: June 1, 2024, 11:52 a.m.
  • Length: 13:53

All games in this series

Show
View Real Time Build Order
Export as new Build Order

Lambo Zerg 

Build Orders: Hatch First 

Get SALT Encoding   

  12  0:00  Drone  
  13  0:12  Overlord  
  13  0:16  Drone  
  14  0:30  Drone x2  
  16  0:46  Hatchery  
  15  0:51  Drone  
  15  0:54  Drone  
  15  0:57  Drone  
  18  1:07  Extractor  
  17  1:12  Spawning Pool  
  17  1:16  Drone  
  17  1:19  Drone  
  18  1:28  Drone  
  19  1:40  Drone  
  20  1:49  Drone  
  21  1:58  Queen x2  
  21  1:59  Zergling x2  
  21  2:00  Zergling x2  
  27  2:10  Drone  
  28  2:20  Hatchery  
  28  2:21  Drone  
  28  2:26  Roach Warren  
  28  2:29  Drone  
  28  2:35  Overlord  
  28  2:40  Overlord  
  28  3:06  Roach x3  
  28  3:07  Roach  
  28  3:08  Roach x2  
  28  3:10  Roach  
  44  3:20  Roach  
  44  3:21  Overlord  
  44  3:33  Drone x5  
  49  3:36  Ravager  
  49  3:40  Drone  
  51  3:44  Drone x3  
  54  3:49  Overlord  
  54  3:54  Drone  
  54  3:55  Drone  
  56  3:57  Drone  
  56  3:59  Drone  
  58  4:10  Ravager  
  58  4:11  Drone x2  
  58  4:12  Drone x4  
  58  4:15  Drone  
  66  4:27  Overlord  
  66  4:30  Overlord, Extractor  
  65  4:31  Extractor  
  65  4:33  Overlord  
  65  4:34  Overlord  
  65  4:36  Overlord  
  64  4:40  Metabolic Boost  
  64  4:44  Queen  
  50  4:53  Roach  
  50  4:59  Queen, Roach  
  52  5:01  Overlord  
  52  5:04  Roach  
  60  5:07  Roach  
  60  5:10  Roach  
  62  5:18  Roach x2  
  62  5:19  Zergling x14  
  71  5:28  Zergling x2  
  71  5:29  Zergling x8  
  71  5:32  Ravager  
  71  5:34  Overlord  
  77  5:35  Overlord  
  77  5:36  Overlord  
  77  5:37  Overlord  
  77  5:39  Roach  
  79  5:45  Zergling x8  
  79  5:46  Ravager  
  79  5:47  Ravager  
  85  5:53  Zergling x2  
  85  5:57  Zergling x10  
  91  6:02  Ravager  
  91  6:03  Zergling x6  
  95  6:05  Zergling x2  
  95  6:06  Zergling x2  
  95  6:08  Ravager  
  95  6:09  Zergling x2  
  99  6:13  Ravager  
  100  6:19  Zergling x8  
  101  6:27  Zergling x2  
  101  6:32  Drone x4  
  105  6:36  Zergling x2  
  95  6:40  Zergling x4  
  93  6:48  Zergling x6  
  93  6:53  Zergling x6  
  99  6:55  Drone  
  99  6:56  Ravager  
  99  6:59  Drone  
  99  7:00  Drone x3  
  103  7:02  Drone  
  103  7:07  Drone  
  104  7:13  Drone x2  
  105  7:16  Lair  
  105  7:17  Drone  
  105  7:22  Drone  
  107  7:23  Drone  
  107  7:24  Drone x3  
  107  7:26  Evolution Chamber  
  107  7:29  Drone  
  111  7:32  Drone, Evolution Chamber  
  111  7:34  Drone x2  
  113  7:37  Drone  
  114  7:46  Drone x5  
  119  7:52  Drone x4, Extractor x2  
  111  7:58  Drone x5  
  99  8:07  Drone x4  
  99  8:09  Zerg Ground Armor Level 1, Zerg Missile Weapons Level 1  
  99  8:11  Extractor, Roach x2  
  102  8:18  Glial Reconstitution  
  102  8:21  Roach  
  102  8:24  Overseer  
  102  8:27  Roach  
  106  8:28  Nydus Network  
  106  8:29  Hatchery, Overseer  
  106  8:31  Overlord  
  106  8:32  Roach  
  106  8:34  Roach x2  
  106  8:38  Roach x2  
  106  8:40  Roach  
  116  8:42  Ravager x2  
  116  8:45  Roach x2  
  122  8:50  Roach x4  
  130  8:58  Overlord  
  130  9:00  Overlord  
  130  9:01  Overlord  
  130  9:06  Overlord  
  130  9:07  Overlord  
  130  9:10  Overlord  
  130  9:19  Roach x10  
  144  9:25  Roach  
  144  9:26  Roach x2  
  146  9:32  Roach x2  
  146  9:38  Roach x3  
  154  9:44  Roach  
  144  9:52  Roach x3  
  146  9:55  Roach  
  146  9:57  Ravager x4  
  146  9:59  Drone  
  153  10:04  Drone x3  
  153  10:05  Drone x2  
  153  10:06  Ravager  
  159  10:09  Roach  
  159  10:12  Roach  
  163  10:15  Roach x2  
  163  10:16  Drone  
  163  10:17  Drone  
  164  10:25  Nydus Canal  
  164  10:26  Roach x3  
  169  10:29  Roach  
  169  10:33  Roach  
  171  10:36  Roach x2  
  173  10:43  Drone x3  
  173  10:44  Overlord  
  173  10:45  Overlord  
  174  10:51  Overlord  
  174  10:56  Overlord  
  174  10:59  Overlord x2  
  174  11:05  Drone x3  
  174  11:06  Hatchery  
  174  11:07  Drone x2  
  174  11:09  Roach  
  180  11:19  Roach x5  
  190  11:27  Hatchery  
  190  11:30  Roach x2  
  193  11:41  Infestation Pit  
  193  11:46  Roach x2  
  196  11:54  Hydralisk Den  
  196  11:55  Overlord  
  196  11:59  Nydus Canal  
  171  12:18  Spawning Pool  
  170  12:27  Drone x6  
  166  12:39  Hatchery  
  166  12:43  Drone x2  
  167  12:49  Drone x3  
  170  12:57  Roach x2  
  174  13:00  Roach  
  174  13:01  Roach  
  174  13:05  Nydus Canal  
  178  13:07  Ravager  
  179  13:16  Roach x4  
  157  13:20  Roach  
  157  13:25  Roach x4  
Show
View Real Time Build Order
Export as new Build Order

Spirit Terran - Winner!

Build Orders: Command Center First 

Get SALT Encoding   

  12  0:00  SCV  
  13  0:12  SCV  
  14  0:17  Supply Depot  
  14  0:24  SCV  
  15  0:39  SCV  
  16  0:51  SCV  
  17  0:59  Command Center  
  17  1:03  SCV  
  18  1:13  Barracks  
  18  1:16  SCV  
  19  1:21  Refinery  
  19  1:28  SCV  
  19  1:30  Refinery  
  20  1:40  SCV  
  21  1:52  SCV  
  22  2:00  Reaper  
  23  2:05  Orbital Command  
  23  2:10  Orbital Command  
  23  2:19  Factory  
  23  2:24  Supply Depot  
  23  2:30  SCV  
  23  2:36  SCV  
  25  2:40  Barracks Reactor  
  25  2:42  SCV  
  26  2:48  SCV  
  27  2:54  SCV  
  28  2:58  Command Center  
  28  3:00  SCV  
  29  3:06  SCV  
  29  3:07  Starport  
  29  3:12  SCV  
  31  3:19  SCV  
  32  3:20  Hellion x2  
  32  3:24  Barracks Tech Lab, SCV  
  37  3:27  Supply Depot  
  37  3:31  SCV  
  39  3:41  Cyclone x2  
  39  3:43  SCV  
  39  3:44  Marauder  
  39  3:46  Bunker  
  39  3:48  SCV  
  47  3:55  SCV  
  47  3:56  Viking  
  49  4:05  Marauder  
  49  4:06  Supply Depot  
  51  4:11  SCV  
  51  4:13  Orbital Command  
  54  4:18  Orbital Command  
  54  4:23  SCV  
  51  4:24  Cyclone  
  51  4:27  Marauder  
  51  4:30  Stimpack  
  55  4:35  SCV  
  58  4:40  SCV  
  58  4:44  SCV  
  60  4:47  SCV  
  60  4:52  SCV  
  57  4:53  Liberator  
  57  4:56  SCV  
  57  4:59  SCV  
  64  5:04  SCV  
  61  5:07  Refinery, Barracks  
  61  5:08  SCV  
  61  5:09  Refinery  
  61  5:11  SCV  
  61  5:12  Barracks, Factory Tech Lab  
  63  5:14  Supply Depot  
  63  5:16  SCV  
  62  5:23  Supply Depot  
  62  5:24  Engineering Bay  
  62  5:25  Marine, Engineering Bay  
  62  5:26  SCV  
  64  5:34  Barracks  
  64  5:35  SCV, Barracks  
  64  5:37  SCV  
  64  5:38  Starport Reactor  
  64  5:40  Siege Tank  
  69  5:45  Supply Depot  
  69  5:46  Orbital Command  
  69  5:48  SCV  
  71  5:50  Supply Depot, SCV  
  71  6:00  SCV, Marine x3  
  75  6:06  SCV  
  75  6:09  Supply Depot, Combat Shield  
  75  6:10  Supply Depot  
  76  6:16  SCV  
  76  6:18  SCV x2, Marine x2  
  79  6:20  Starport Reactor  
  79  6:22  Marine x3, Barracks Reactor x2  
  84  6:28  SCV  
  84  6:32  SCV  
  86  6:36  Marine x2  
  86  6:37  SCV  
  86  6:39  Orbital Command  
  84  6:40  Marine x3  
  84  6:43  SCV  
  75  6:53  Marine  
  75  6:54  Marine  
  72  6:55  Siege Tank  
  72  6:58  Marine x4  
  72  6:59  Engineering Bay  
  72  7:00  Engineering Bay  
  80  7:16  Orbital Command  
  80  7:22  Orbital Command  
  80  7:50  Orbital Command  
  77  7:52  SCV, Marine x3, Medivac x2  
  77  7:56  Marine x3  
  77  7:57  Marine x3  
  77  7:58  Siege Tank  
  60  8:09  Marine x3  
  60  8:11  Terran Infantry Weapons Level 1  
  60  8:14  Marine x3  
  60  8:15  Marine x3  
  60  8:18  Terran Infantry Armor Level 1  
  60  8:19  SCV  
  67  8:21  SCV x2  
  67  8:25  Medivac  
  71  8:27  Marine x2  
  71  8:31  SCV  
  71  8:33  SCV  
  76  8:36  Marine  
  76  8:38  SCV, Medivac  
  79  8:44  SCV  
  79  8:45  SCV  
  79  8:47  Supply Depot, Marine  
  82  8:54  Supply Depot, Marine  
  83  8:56  SCV  
  83  9:01  SCV  
  84  9:02  Marine  
  84  9:08  Marine  
  84  9:09  SCV  
  87  9:11  Supply Depot, Marine  
  87  9:14  Marine x3  
  91  9:18  Siege Tank  
  91  9:21  Marine x2  
  91  9:22  Marine  
  97  9:24  Marine  
  97  9:29  Marine  
  97  9:36  SCV  
  97  9:37  Supply Depot, SCV  
  99  9:42  SCV, Marine  
  97  9:45  Marine  
  97  9:46  Marine  
  97  9:49  SCV x2, Marine  
  97  9:50  Siege Tank  
  101  9:54  Armory  
  102  10:00  Supply Depot  
  102  10:02  Supply Depot, Marine x2  
  102  10:05  SCV, Marine  
  105  10:07  Medivac  
  105  10:09  Medivac  
  106  10:15  Marine x2  
  106  10:17  Marine  
  106  10:18  SCV  
  110  10:22  Siege Tank  
  110  10:24  SCV, Marine x2  
  110  10:27  Marine  
  110  10:28  Marine  
  117  10:29  Marine  
  117  10:30  SCV  
  120  10:37  SCV, Medivac  
  120  10:38  Marine  
  120  10:39  Medivac  
  120  10:40  Marine  
  120  10:41  Marine  
  120  10:42  SCV  
  119  10:43  Marine x2  
  119  10:49  SCV  
  120  10:52  Supply Depot  
  120  10:54  Siege Tank  
  121  10:57  Terran Infantry Weapons Level 2  
  121  11:01  Marine  
  121  11:02  SCV  
  122  11:07  Supply Depot  
  122  11:08  Supply Depot  
  122  11:13  Marine, Medivac  
  125  11:27  Marine  
  125  11:29  Marine x7  
  125  11:31  Marine  
  132  11:45  Marine  
  132  11:46  Marine  
  132  11:47  Marine x6  
  133  11:49  Marine  
  141  12:03  Marine  
  141  12:04  Marine x6  
  141  12:05  Marine  
  141  12:07  Marine  
  145  12:20  Marine  
  145  12:22  Marine x3  
  149  12:23  Orbital Command  
  149  12:29  Marine  
  149  12:31  Marine  
  149  12:32  Marine x3  
  142  12:38  Marine  
  142  12:40  Marine x3  
  146  12:47  Marine  
  147  12:52  Marine  
  148  13:00  Marine  
  149  13:11  Sensor Tower  
  149  13:13  Missile Turret  
  149  13:14  Marine x2  
  149  13:15  Marine x2  
  149  13:16  Marine x3  
  143  13:21  Marine x2  
  138  13:31  Marine  
  138  13:32  Marine  
  138  13:33  Marine x2  
  143  13:34  Marine x2  
Tags
 
Add a new tag
Caveats
  • Supply blocks, unpowered buildings, or Contaminate may cause inaccurate times.
  • Supply counts are checked every 10 seconds.